 Dungeon Crawl Stone Soup version 0.25.0-46-gbd7b0854d2 (webtiles) character file.

Game seed: 8256679974609469982

5 DerDa the Magician (level 1, -1/13 HPs)
             Began as a Mummy Wizard on July 16, 2020.
             Slain by a jackal (3 damage)
             ... on level 1 of the Dungeon.
             The game lasted 00:01:06 (109 turns).

DerDa the Magician (Mummy Wizard)                    Turns: 109, Time: 00:01:08

Health: -1/13      AC:  2    Str: 10    XL:     1   Next: 66%
Magic:  0/5        EV: 12    Int: 17    God:
Gold:   0          SH:  0    Dex: 10    Spells: 7/8 levels left

rFire    x . .     SeeInvis .   d - +0 spear
rCold    + . .     Gourm    .   (no shield)
rNeg     + + +     Faith    .   a - +0 robe
rPois    ∞         Spirit   .   b - +0 hat
rElec    .         Reflect  .   (no cloak)
rCorr    .         Harm     .   (no gloves)
MR       .....                  (no boots)
Stlth    ++........             (no amulet)
HPRegen  0.04/turn              (no ring)
MPRegen  0.09/turn              (no ring)

@: no status effects
A: no food or potions, fire vulnerability, cold resistance 1, negative energy
resistance 3, torment resistance, unbreathing
a: no special abilities


You were on level 1 of the Dungeon.
You were not hungry.

You visited 1 branch of the dungeon, and saw 1 of its levels.

Inventory:

Hand Weapons
 d - a +0 spear (weapon)
Missiles
 c - 16 stones (quivered)
Armour
 a - a +0 robe (worn)
 b - a +0 hat (worn)


   Skills:
 - Level 1.5 Dodging
 - Level 1.5 Stealth
 * Level 4.2 Spellcasting
 * Level 1.1 Conjurations
   Level 0.7 Summonings
   Level 0.7 Translocations


You had 7 spell levels left.
You knew the following spells:

 Your Spells              Type           Power        Failure   Level  Hunger
a - Magic Dart            Conj           #...         10%         1    N/A

Your spell library contained the following spells:

 Spells                   Type           Power        Failure   Level  Hunger
 Blink                    Tloc           N/A          17%         2    N/A
 Call Imp                 Summ           #.......     17%         2    N/A
 Slow                     Hex            #.......     24%         2    N/A
 Conjure Flame            Conj/Fire      #.......     36%         3    N/A
 Mephitic Cloud           Conj/Pois/Air  #.......     36%         3    N/A

Dungeon Overview and Level Annotations

Branches:
Dungeon (1/15)

Altars:


Innate Abilities, Weirdness & Mutations

You do not eat or drink.
Your flesh is vulnerable to fire.
You are immune to poison.
Your flesh is cold resistant. (rC+)
You are immune to negative energy. (rN+++)
You are immune to unholy pain and torment.
You can survive without breathing.


Message History

There is an open door here.
Casting: Magic Dart (safe; 10% risk of failure)
Confirm with . or Enter, or press ? or * to list all spells.
Aiming: Magic Dart (safe; 10% risk of failure)
Press: ? - help, Shift-Dir - straight line, f/p - jackal
Aim: a jackal The magic dart hits the jackal but does no damage.
The jackal completely misses you. The jackal barely misses you.
Casting: Magic Dart (safe; 10% risk of failure)
Confirm with . or Enter, or press ? or * to list all spells.
Aiming: Magic Dart (safe; 10% risk of failure)
Press: ? - help, Shift-Dir - straight line, f/p - jackal
Aim: a jackal The magic dart hits the jackal.
The jackal is lightly wounded.
The jackal barely misses you. The jackal misses you.
The jackal closely misses you. The jackal bites you.
You die...

....... ##+## ........# #...#
........# #...# ........#
###...### ##### ........#
#<......# #...#
.!......####.......#### #...#
........#.............###...#
#.......'......@hrK.g.g.#...#
#......#.............#.....#
#.####.####.......######...#
#.# #.[.....# #...# #K#
###...### #...###. #.# #...#
#.#....... #.# #...#
#.##.#.###
#.####.###############...g#.#
#...............K..K.###....#


You could see a jackal, a hobgoblin, a goblin, a kobold and a rat.

Vanquished Creatures
  A goblin (D:1)
  2 jackals (D:1)
  2 bats (D:1)
5 creatures vanquished.

Notes
Turn   | Place    | Note
-------+----------+-------------------------------------------
     0 | D:1      | DerDa the Mummy Wizard began the quest for the Orb.
     0 | D:1      | Reached XP level 1. HP: 13/13 MP: 5/5
    27 | D:1      | Reached skill level 1 in Conjurations
   109 | D:1      | Slain by a jackal

Illustrated notes

Levels and vault maps discovered:
D:1:      minmay_arrival_cross, layout_rooms

Skill      XL: |  1 |
---------------+----+-----
Conjurations   | 1 |  1.1
Dodging        | |  1.5
Stealth        | |  1.5
Spellcasting   | |  4.2
Summonings     | |  0.7
Translocations | |  0.7

Action                   || total
-------------------------++-------
Melee: Unarmed           ||     4
 Cast: Magic Dart        ||    11
Armor: Robe              ||    13
Dodge: Dodged            ||    39
